 Dungeon Crawl Stone Soup version 0.30-a0-782-ge64f9170bb (webtiles) character file.

Game seed: 16138160790092580483

56 M4edhros the Insei (level 3, 0/19 HPs)
             Began as a Vine Stalker Monk on Feb 24, 2023.
             Slain by a phantom (4 damage)
             ... on level 5 of the Dungeon.
             The game lasted 00:01:47 (550 turns).

M4edhros the Insei (Vine Stalker Monk)               Turns: 550, Time: 00:01:48

Health: 0/19       AC:  2    Str: 13    XL:     3   Next: 95%
Magic:  0/4        EV: 13    Int: 10    God:
Gold:   46         SH:  0    Dex: 18    Spells: 2/2 levels left

rFire   . . .      SeeInvis .      - Unarmed
rCold   . . .      Faith    .    (no shield)
rNeg    . . .      Spirit   +    a - +0 robe
rPois   .          Reflect  .    (no helmet)
rElec   .          Harm     .    (no cloak)
rCorr   .          Rampage  .    (no gloves)
Will    .....                    (no boots)
Stlth   ++                       d - amulet of magic regeneration
HPRegen 0.23/turn                (no ring)
MPRegen 0.49/turn                (no ring)

@: no status effects
A: fangs 2, magic shield, antimagic bite, no potion heal 2
a: no special abilities


You were on level 5 of the Dungeon.
You visited 1 branch of the dungeon, and saw 5 of its levels.

You collected 46 gold pieces.

Inventory:

Missiles
 g - 6 poisoned darts (quivered)
Armour
 a - a +0 robe (worn)
Jewellery
 d - an amulet of magic regeneration (around neck)
Wands
 h - a wand of mindburst (8)
Scrolls
 c - a scroll of identify {unknown}
 e - a scroll of fear {unknown}
Potions
 b - 2 potions of ambrosia
 f - a potion of flight {unknown}


   Skills:
 - Level 2.6 Fighting
 - Level 2.4 Dodging
 - Level 2.4 Stealth
 + Level 4.7 Unarmed Combat


You had 2 spell levels left.
You didn't know any spells.
Your spell library was empty.

Dungeon Overview and Level Annotations

Branches:
Dungeon (5/15)             Temple (0/1) D:5

Altars:
Zin


Innate Abilities, Weirdness & Mutations

You have extremely sharp teeth.
When hurt, damage is shared between your health and your magic reserves.
Your bite disrupts and absorbs the magic of your enemies.
Potions cannot restore your health.


Message History

Aim: a phantom (chance to affect: 47%)
The phantom resists with some effort.
Aiming: Mindburst
Press: ? - help, Shift-Dir - straight line, f/p - phantom
Aim: a phantom (chance to affect: 47%)
The phantom resists with some effort.
You hit the phantom but do no damage. The phantom misses you.
Aiming: Mindburst
Press: ? - help, Shift-Dir - straight line, f/p - phantom
Aim: a phantom (chance to affect: 47%)
The phantom resists with some effort.
The phantom misses you.
Aiming: Mindburst
Press: ? - help, Shift-Dir - straight line, f/p - phantom
Aim: a phantom (chance to affect: 47%)
The phantom's mind is blasted!
The phantom hits you.
The phantom blinks!
You blink.
Found a glowing pink potion and a fuming white potion.
Aiming: Mindburst
Press: ? - help, Shift-Dir - straight line, f/p - phantom
Aim: a phantom (heavily damaged, chance to affect: 47%)
The phantom resists with some effort.
The phantom barely misses you.
Aiming: Mindburst
Press: ? - help, Shift-Dir - straight line, f/p - phantom
Aim: a phantom (heavily damaged, chance to affect: 47%)
The phantom resists with some effort.
The phantom hits you.
Aiming: Mindburst
Press: ? - help, Shift-Dir - straight line, f/p - phantom
Aim: a phantom (heavily damaged, chance to affect: 47%)
The phantom resists with some effort.
The phantom hits you but does no damage.
Aiming: Mindburst
Press: ? - help, Shift-Dir - straight line, f/p - phantom
Aim: a phantom (heavily damaged, chance to affect: 47%)
The phantom resists with some effort.
The phantom hits you.
* * * LOW HITPOINT WARNING * * *
Aiming: Mindburst
Press: ? - help, Shift-Dir - straight line, f/p - phantom
Aim: a phantom (heavily damaged, chance to affect: 47%)
The phantom resists with some effort.
The phantom hits you.
You die...

#.........
#.........
#.........
.#####.........
...............
#............
+............
#....@.......
#...W.....!..
#............
#.........!..
#............
#.<..........
........).........
8.>.8#............
.... ..........


You could see a phantom.

Vanquished Creatures
  3 adders
  2 dart slugs
  An orc (D:5)
  6 ball pythons
  3 endoplasms
  A hobgoblin (D:2)
  4 jackals (D:2)
  A kobold (D:4)
  A bat (D:2)
  A goblin (D:4)
23 creatures vanquished.

Notes
Turn   | Place    | Note
-------+----------+-------------------------------------------
     0 | D:1      | M4edhros the Vine Stalker Monk began the quest for the Orb.
     0 | D:1      | Reached XP level 1. HP: 11/11 MP: 2/2
    94 | D:2      | Reached XP level 2. HP: 8/16 MP: 1/3
   252 | D:3      | Reached skill level 4 in Unarmed Combat
   252 | D:3      | Reached XP level 3. HP: 6/19 MP: 4/4
   454 | D:4      | Found a glowing silver altar of Zin.
   523 | D:4      | Noticed a scorpion
   537 | D:5      | Entered Level 5 of the Dungeon
   537 | D:5      | Noticed a phantom
   537 | D:5      | Found a staircase to the Ecumenical Temple.
   550 | D:5      | Slain by a phantom

Illustrated notes

Levels and vault maps discovered:
D:1:      saegor_arrival_simple_c, layout_basic, serial_shops, shop,
          dilly_ecumenical_altar_fadedgnrine
D:2:      kennysheep_big_flooded_room, layout_basic, basic_altar
D:3:      layout_basic, lemuel_coloured_pillars_altar,
          mainiacjoe_overflow_alcove_4, uniq_terence, uniq_grinder
D:4:      layout_basic, overflow_temple_1_default, marbit_many_paths,
          kennysheep_generic_room_11, uniq_natasha
D:5:      layout_gridville, mainiacjoe_overflow_brackets,
          cheibrodos_worm_habitat, minmay_temple_entry_statues_pillars,
          grunt_ministairs_9, uniq_edmund

Skill      XL: |  1  2 |
---------------+-------+-----
Unarmed Combat | 4 |  4.7
Fighting       | |  2.6
Dodging        | |  2.4
Stealth        | |  2.4

Action                     || total
---------------------------++-------
  Melee: Unarmed           ||    59
         Bite              ||    17
  Throw: Dart              ||     1
  Evoke: Wand              ||     9
   Stab: Distracted        ||     1
         Sleeping          ||     1
 Armour: Robe              ||    10
  Dodge: Dodged            ||    35

Table legend: (Time is in decaauts)
 A = Elapsed time spent in this place.
 B = Non-inter-level travel time spent in this place.
 C = Inter-level travel time spent in this place.
 D = Time resting spent in this place.
 E = Time spent auto-exploring this place.
 F = Levels seen in this place.
 G = Mean time per level.
                   A        B        C        D        E       F      G
               +--------+--------+--------+--------+--------+-----+--------+
         Total |    544 |    540 |      4 |      0 |    234 |   5 |  108.8 |
       Dungeon |    544 |    540 |      4 |      0 |    234 |   5 |  108.8 |
               +--------+--------+--------+--------+--------+-----+--------+

Top non-repeatable levels by time:
     D:4: 248 daAuts
     D:2: 161 daAuts
     D:3: 67 daAuts
     D:1: 54 daAuts
     D:5: 12 daAuts
